 Dungeon Crawl Stone Soup version 0.15-a0-2291-g2252c12 (webtiles) character file.

282 fransbal the Sneak (level 6, -5/35 HPs)
             Began as a Gargoyle Assassin on July 27, 2014.
             Was an Initiate of Makhleb.
             Killed from afar by an orc wizard (10 damage)
             ... with a puff of frost
             ... on Level 4 of the Dungeon.
             The game lasted 00:11:58 (3123 turns).

fransbal the Sneak (Gargoyle Assassin)              Turns: 3123, Time: 00:11:58

HP  -5/35        AC  8     Str 14      XL: 6   Next: 28%
MP   6/6         EV 11     Int 12      God: Makhleb [......]
Gold 167         SH  0     Dex 13      Spells:  0 memorised,  5 levels left

rFire  . . .     SeeInvis .     a - +2 dagger
rCold  . . .     Clarity  .     c - +0 robe
rNeg   + . .     rCorr    .     (no shield)
rPois  +         rRot     +     (no helmet)
rElec  +         Spirit   .     d - +0 cloak
SustAb .         Warding  .     (no gloves)
rMut   .         Stasis   .     t - +0 pair of boots
Gourm  .                        (no amulet)
MR     .....                    (no ring)
                                (no ring)

@: not resistant to hostile enchantments, fairly stealthy
A: negative energy resistance 1, electricity resistance, unbreathing,
petrification resistance, rot immunity, AC +4
a: Renounce Religion


You were on level 4 of the Dungeon.
You worshipped Makhleb.
Makhleb was noncommittal.
You were not hungry.

You visited 2 branches of the dungeon, and saw 5 of its levels.

You collected 167 gold pieces.


Innate Abilities, Weirdness & Mutations

You are resistant to torment.
You are immune to poison.
Your stone body is very resilient (AC +4).
You resist negative energy.
You are resistant to electric shocks.
You can survive without breathing.
You are immune to petrification.
You are immune to rotting.


   Skills:
 - Level 2.1 Fighting
 + Level 4.1 Short Blades
 - Level 2.0 Throwing
 - Level 0.7 Dodging
 + Level 6.9 Stealth


You had 5 spell levels left.
You didn't know any spells.

Inventory:

Hand weapons
 a - a +2 dagger (weapon)
 b - a +0 blowgun
Missiles
 e - 7 poisoned needles
 f - 2 curare-tipped needles
Armour
 c - a +0 robe (worn)
 d - a +0 cloak (worn)
 t - a +0 pair of boots (worn)
Comestibles
 g - 3 bread rations
 h - a slice of pizza
 l - 3 royal jellies
 o - a beef jerky
 u - a meat ration
Scrolls
 i - 4 scrolls of remove curse {unknown}
 m - 2 scrolls of amnesia {unknown}
 n - 2 scrolls of identify {unknown}
 q - 2 scrolls of immolation {unknown}
 s - a scroll of enchant armour {unknown}
 w - a scroll of recharging {unknown}
Jewellery
 p - an uncursed amulet of faith {!P}
 r - an uncursed ring of ice
Potions
 j - 3 potions of curing {unknown}
 k - a potion of brilliance {unknown}
 v - a potion of magic {unknown}
 x - a potion of cancellation {unknown}
 A - a potion of poison {unknown}
 B - a potion of might {unknown}


Message History

The orc wizard is severely wounded.
The orc wizard points at you and mumbles some strange words.
The puff of frost hits you! The orc barely misses you.
You hit the orc wizard but do no damage.
The orc wizard is severely wounded.
The orc wizard hits you but does no damage.
The orc barely misses you.
You barely miss the orc wizard.
The orc wizard is severely wounded.
The orc wizard casts a spell at you. The puff of flame hits you!
* * * LOW HITPOINT WARNING * * *
The orc barely misses you.
The orc wizard mumbles some strange words.
You feel a wave of unholy energy pass over you.
You hit the orc wizard.
The orc wizard is almost dead.
The orc wizard gestures at you while chanting.
The puff of frost hits you!
You die...

..#+###+####'#.....)......+
..#......#...#............#
..').....'...#...............
..#......#...'................
..#..##.###.##.........[.....
..#<.##'###.#....#'#..........
..#...+.....+....'.'>..........
..+...#.....#..(o#.#........W.
..##+##..####...@#.#....#+#
......#..##....o##.# .. '
......#...#.....#..#
+#....'...#.....'..#
+....#...'.....#..o......
#....###.#.....##+#o....
#......#.##'#...........
#......+....+...........
+......#+##'#..........


You could see an orc wizard and an orc.

Vanquished Creatures
  An ogre (D:4)
  A scorpion (D:4)
  A giant frog skeleton (D:4)
  An orc priest (D:4)
  3 adders (D:2)
  A worm (D:4)
  3 giant geckos
  7 orcs
  7 bats
  5 giant cockroaches
  5 goblins
  5 hobgoblins
  7 kobolds
  5 giant newts
  A hobgoblin skeleton (D:4)
  2 jackals (D:3)
  2 quokkas (D:2)
  5 rats
62 creatures vanquished.

Notes
Turn   | Place    | Note
--------------------------------------------------------------
     0 | D:1      | fransbal, the Gargoyle Assassin, began the quest for the Orb.
     0 | D:1      | Reached XP level 1. HP: 12/12 MP: 1/1
   160 | D:1      | HP: 2/12 [kobold/ stone (3)]
   165 | D:1      | Reached XP level 2. HP: 4/17 MP: 2/2
   759 | D:1      | Reached skill level 5 in Stealth
   833 | D:1      | Reached XP level 3. HP: 17/21 MP: 3/3
  1484 | D:2      | Reached XP level 4. HP: 26/26 MP: 4/4
  2207 | D:4      | Found a staircase to the Ecumenical Temple.
  2216 | Temple   | Entered the Ecumenical Temple
  2333 | Temple   | Became a worshipper of Makhleb the Destroyer
  2375 | D:4      | Reached skill level 3 in Short Blades
  2411 | D:4      | Reached skill level 6 in Stealth
  2503 | D:4      | Reached XP level 5. HP: 30/30 MP: 5/5
  2546 | D:4      | Noticed an ogre
  2648 | D:4      | Killed an ogre
  2648 | D:4      | Reached XP level 6. HP: 18/35 MP: 6/6
  2841 | D:4      | Noticed a phantom
  3122 | D:4      | HP: 5/35 [orc wizard/puff of flame (7)]
  3123 | D:4      | Killed from afar by an orc wizard

Vault maps used:
D:1:      eino_arrival_druids_welcome
D:2:      first_bread
D:4:      minmay_temple_entry_statues_fountains, uniq_sigmund
Temple:   grunt_wide_crystal_templ_18

Action                   |  1- 3 |  4- 6 || total
-------------------------+-------+-------++-------
Melee: Dagger            |   132 |   129 ||   261
 Fire: Blowgun           |     3 |     7 ||    10
 Stab: Sleeping          |     6 |     4 ||    10
  Eat: Chunk             |     2 |     5 ||     7
